 Dungeon Sprint DCSS version 0.21-a0-417-g0adc95b (webtiles) character file.

416142 Kidiri the Conqueror (level 19, -6/207 HPs)
             Began as a Green Draconian Transmuter on Nov 3, 2017.
             Was a High Priest of Wu Jian.
             Splashed by an acid blob's acid (10 damage)
             ... in the Dungeon (Sprint III: "The Ten Rune Challenge").
             The game lasted 02:31:26 (18152 turns).

Kidiri the Conqueror (Green Draconian Transmuter)  Turns: 18152, Time: 02:31:26

Health: -6/207     AC: 13    Str: 32      XL:     19   Next: 77%
Magic:  37/41      EV: 35    Int: 18 (19) God:    Wu Jian [*****.]
Gold:   678        SH:  0    Dex: 36      Spells: 11/54 levels left

rFire    + . .     SeeInvis +     - Unarmed
rCold    . . .     Gourm    .   (shield currently unavailable)
rNeg     + . .     Faith    .   (armour unavailable)
rPois    +         Spirit   .   A - +1 hat "Dezxeppo" {*Contam +Blink Str+5}
rElec    +         Reflect  .   a - +4 dragonskin cloak
rCorr    .         Harm     .   (gloves currently unavailable)
MR       +....     Rnd*Rage +   o - +0 pair of boots "Hokhagy" {rC- Str+4 Int+4 Stlth+} Stlth +++++.....NoTele +
                                w - amulet "Wylat" {*Corrode Regen+ Str-2 Dex+10 Stlth+}
HPRegen  0.84/turn              n - ring of the Original Sin {rPois Str+3 Dex+7}
MPRegen  0.27/turn              W - +6 ring of strength

@: blade hands, corroded, glowing, heavenly storm
A: breathe noxious fumes, unfitting armour, beak, hooves 1, horns 1, stinger 1,
camouflage 1, see invisible, agile 2, berserk 1, cold resistance 1,
deterioration 1, poison resistance, screaming 1, cold-blooded, AC +10
}: 8/10 runes: decaying, serpentine, silver, golden, iron, obsidian, icy, bone
a: Breathe Noxious Fumes, End Transformation, Serpent's Lash, Heavenly Storm,
Renounce Religion, Evoke Blink


You were in the Dungeon.
You worshipped Wu Jian.
Wu Jian was extremely pleased with you.
You were hungry.
You had blades for hands.
You visited 1 branch You collected 3334 gold pieces.
You spent 2656 gold pieces at shops.

Inventory:

Armour
 a - the +4 dragonskin cloak (worn)
   (You took it off Tiamat in the Dungeon)
 b - a +6 large shield of reflection (melded)
 g - a +2 pair of gloves of strength (melded)
 o - the +0 pair of boots "Hokhagy" (worn) {rC- Str+4 Int+4 Stlth+}
   (You acquired it in the Dungeon)

   It affects your strength (+4).
   It affects your intelligence (+4).
   It makes you vulnerable to cold.
   It makes you more stealthy.
 A - the +1 hat "Dezxeppo" (worn) {*Contam +Blink Str+5}
   (You acquired it in the Dungeon)

   It affects your strength (+5).
   It lets you blink.
   It causes magical contamination when unequipped.
Jewellery
 d - an uncursed ring of flight
 n - the ring of the Original Sin (left scythe-like blade) {rPois Str+3 Dex+7}
   (You found it in the Dungeon)

   [ring of poison resistance]

   It affects your strength (+3).
   It affects your dexterity (+7).
   It protects you from poison.
 w - the amulet "Wylat" (around neck) {*Corrode Regen+ Str-2 Dex+10 Stlth+}
   (You took it off a deep elf high priest in the Dungeon)

   [amulet of regeneration]

   It affects your strength (-2).
   It affects your dexterity (+10).
   It increases your rate of regeneration.
   It may corrode you when you take damage.
   It makes you more stealthy.
 W - a +6 ring of strength (right scythe-like blade)
Wands
 i - a wand of digging (7/24)
 y - a wand of scattershot (5/9)
 C - a wand of paralysis (1/24)
 H - a wand of digging (10/24)
 M - a wand of disintegration (16/24)
 N - a wand of paralysis (5/24)
 V - a wand of acid (5/15)
Scrolls
 c - a scroll of vulnerability
 h - 5 scrolls of amnesia
 l - 3 scrolls of blinking
 r - a scroll of fog
 s - 3 scrolls of holy word
 t - 2 scrolls of remove curse
 v - 2 scrolls of silence
 x - 4 scrolls of identify
 G - 2 scrolls of torment
 Q - 2 scrolls of recharging
Potions
 B - a potion of berserk rage
 D - a potion of brilliance
 F - 2 potions of ambrosia
 I - 6 potions of flight
 J - 6 potions of haste
 K - 3 potions of agility
 L - 2 potions of lignification
 O - 4 potions of magic
 T - 4 potions of resistance
 U - 4 potions of heal wounds
 X - 2 potions of curing
 Y - a potion of cancellation
Books
 z - Roxanne's Grimoire of the Mountains
   (You took it off Roxanne in the Dungeon)

   Spells                             Type                      Level
   a - Sandblast                      Earth                        1
   b - Bolt of Magma                  Conjuration/Fire/Earth       5
   c - Iron Shot                      Conjuration/Earth            6
   d - Statue Form                    Transmutation/Earth          6
Comestibles
 k - 21 royal jellies


   Skills:
 O Level 27 Fighting
 + Level 18.2 Dodging
 + Level 19.5 Stealth
 + Level 17.1 Shields
 * Level 26.1 Unarmed Combat
 + Level 18.3 Spellcasting
 + Level 16.7 Conjurations
 * Level 26.1 Transmutations
 + Level 19.2 Ice Magic
 + Level 14.2 Earth Magic
 + Level 22.3 Poison Magic
 + Level 17.2 Evocations


You had 11 spell levels left.
You knew the following spells:

 Your Spells              Type           Power        Failure   Level  Hunger
a - Beastly Appendage     Tmut           ######       3%          1    None
b - Sticks to Snakes      Tmut           #######.     3%          2    None
c - Passwall              Tmut/Erth      ######....   3%          2    None
d - Spider Form           Tmut/Pois      #######...   3%          3    None
e - Petrify               Tmut/Erth      ######..     3%          4    None
f - Ice Form              Ice/Tmut       #######.     3%          4    None
g - Blade Hands           Tmut           #######...   3%          5    ###....
h - Statue Form           Tmut/Erth      ######...    8%          6    #####..
i - Blink                 Tloc           N/A          32%         2    None
j - Mephitic Cloud        Conj/Pois/Air  ######..     5%          3    None
k - Lee's Rapid Deconstr  Erth           ######....   10%         5    ###....
l - Iron Shot             Conj/Erth      ######....   14%         6    #####..


Dungeon Overview and Level Annotations

Branches:
Dungeon (1/1)

Altars:
Cheibriados
Dithmenos
Elyvilon
Fedhas
Gozag
Hepliaklqana
Kikubaaqudgha
Makhleb
Nemelex Xobeh
Okawaru
Qazlal
Ru
Sif Muna
Trog
Uskayaw
Vehumet
Wu Jian
Xom
Yredelemnul
Zin
The Shining One
Beogh
Jiyva
Lugonu

Shops:
D [?=%}([%[[%}[=!*:}(%=:??

Annotations:
D Royal Jelly


Innate Abilities, Weirdness & Mutations

You can breathe blasts of noxious fumes.
Your lurid green scales are hard. (AC +10)
You cannot fit into any form of body armour.
Your tail ends in a poisonous barb.
Your system is resistant to poisons. (rPois)
You are cold-blooded and may be slowed by cold attacks.
You have a beak for a mouth.
You have large cloven feet.
You have a pair of small horns on your head.
Your skin changes colour to match your surroundings (Stealth+).
You have supernaturally acute eyesight. (SInv)
You are very agile. (Dex +4)
You tend to lose your temper in combat.
Your flesh is cold resistant. (rC+)
Your body sometimes deteriorates upon taking damage.
You occasionally shout uncontrollably at your foes.


Message History

You spin and attack the acid blob repeatedly.
You hit the acid blob.
Your scythe-like blades burn!
* * * LOW HITPOINT WARNING * * *
The acid blob is lightly wounded.
You slash the acid blob!
Your scythe-like blades burn!
* * * LOW HITPOINT WARNING * * *
You headbutt the acid blob!
The acid blob is moderately wounded.
A floating eye comes into view.
The floating eye turns its gaze towards you.
The acid blob hits you!!
* * * LOW HITPOINT WARNING * * *
You are splashed with acid!
The acid burns!
* * * LOW HITPOINT WARNING * * *
Unknown command.
You feel much better. The acid blob hits you!!
* * * LOW HITPOINT WARNING * * *
Your body deteriorates!
You feel dopey.
You are splashed with acid!
The acid burns!
You die...

##..##### #.♣♣
#......### #♣.♣
#........## ♣[♣♣ #
##.........#* ♣♣.♣ #
#....###....* ♣.♣♣ #
#§§.##?##.G.* ♣.♣♣ #
##§§#)φ)#..#* ♣≈.♣♣#
#§JJ##)##...* ♣♣.♣♣§
#§§§@###....* ♣♣.♣♣
##§JJ§§G...#* ♣♣.%♣♣
##§§§§...## ♣...≈.
###._.### ♣.≈...
*#### ♣.♣... ♣♣♣♣♣♣
#####################
#.+..#.^.....##§§§..§


You could see the Royal Jelly, 2 acid blobs, an azure jelly, a shining eye and a
floating eye.

Vanquished Creatures
  Antaeus (D)
  Ereshkigal (D)
  Gloorx Vloq (D)
  the Serpent of Hell (D)
  Dispater (D)
  Tiamat (D)
  Mennas (D)
  Mara (D)
  2 ancient liches (D)
  6 greater mummies (D)
  Boris (D)
  Frederick (D)
  Xtahua (D)
  Sigmund (D)
  A Killer Klown (D)
  Geryon (D)
  Nikola (D)
  A Brimstone Fiend (D)
  An iron giant (D)
  A lich (D)
  3 Hell Sentinels (D)
  5 Ice Fiends (D)
  2 Orb Guardians (D)
  Rupert (D)
  3 deep elf blademasters (D)
  6 acid blobs (D)
  An Executioner (D)
  2 sphinxes (D)
  Chuck (D)
  An ancient champion (D)
  4 shadow dragons (D)
  Gastronok (D)
  Roxanne (D)
  2 storm dragons (D)
  7 azure jellies (D)
  A nagaraja (D)
  4 fire giants (D)
  An iron dragon (D)
  3 frost giants (D)
  3 ghost moths (D)
  2 draconian knights (D)
  A draconian shifter (D)
  4 war gargoyles (D)
  2 draconian stormcallers (D)
  3 stone giants (D)
  2 vampire knights (D)
  A deep elf demonologist (D)
  2 dire elephants (D)
  Azrael (D)
  A yellow draconian (D)
  3 deep elf annihilators (D)
  3 death oozes (D)
  4 fire dragons (D)
  9 mummy priests (D)
  2 deep elf high priests (D)
  5 yaktaur captains (D)
  Josephine (D)
  17 vault guards (D)
  2 hydras (D)
  2 hell beasts (D)
  A naga warrior (D)
  3 centaur warriors (D)
  2 anacondas (D)
  4 dancing weapons (D)
  An ogre mage (D)
  2 iron elementals (D)
  4 death yaks (D)
  5 orc high priests (D)
  Urug (D)
  A titan zombie (D)
  2 sun demons (D)
  An iron golem (D)
  2 deep elf knights (D)
  2 soul eaters (D)
  A shadow wraith (D)
  9 skeletal warriors (D)
  A death drake (D)
  2 golden dragon zombies (D)
  An unseen horror (D)
  2 obsidian statues (D)
  A spectral iron dragon (D)
  A spriggan druid (D)
  A glowing orange brain (D)
  A glowing orange brain (shapeshifter) (D)
  3 kraken simulacra (D)
  An orange crystal statue (D)
  2 orc knights (D)
  A lindwurm (D)
  An orc sorcerer (D)
  A mana viper (shapeshifter) (D)
  7 ugly things (D)
  4 crystal guardians (D)
  2 oklob plants (D)
  2 shining eyes (D)
  5 deep elf magi (D)
  2 elephants (D)
  A moth of wrath (shapeshifter) (D)
  A moth of wrath (D)
  An iron troll simulacrum (D)
  A molten gargoyle (D)
  5 black mambas (D)
  8 statues (D)
  3 rust devils (D)
  A guardian serpent (D)
  A water nymph (shapeshifter) (D)
  Edmund (D)
  9 yaktaurs (D)
  2 spiny frogs (D)
  2 ice devils (D)
  A rime drake (D)
  A komodo dragon (D)
  An anaconda simulacrum (D)
  23 guardian mummies (D)
  4 spriggan defenders (D)
  3 wandering mushrooms (D)
  3 hornets (D)
  8 slime creatures (D)
  2 tyrant leeches (D)
  8 blink frogs (D)
  16 shadows (D)
  3 redbacks (D)
  2 spriggans (D)
  A golden eye (D)
  A spatial vortex (D)
  2 nagas (D)
  2 hell hounds (D)
  2 water moccasins (D)
  3 hydra simulacra (D)
  3 floating eyes (D)
  An orc warrior (D)
  A swamp drake (D)
  A fire dragon simulacrum (D)
  A necrophage (D)
  2 centaurs (D)
  An earth elemental (D)
  A water elemental (D)
  A scorpion (D)
  22 killer bees (D)
  6 electric eels (D)
  12 quasits (D)
  5 orc wizards (D)
  A wizard (D)
  A jelly (D)
  2 orc priests (D)
  Jessica (D)
  A necromancer (D)
  A polar bear simulacrum (D)
  A wolf simulacrum (D)
  A kobold demonologist (D)
  3 humans (D)
  An adder (D)
  An ooze (D)
  7 orcs (D)
  2 rats (D)
  3 ballistomycetes (D)
  7 bushes (D)
  8 butterflies (D)
  45 plants (D)
  A tentacle (D)
493 creatures vanquished.

Vanquished Creatures (collateral kills)
  9 killer bees (D)
9 creatures vanquished.

Vanquished Creatures (others)
  2 draconian scorchers (D)
  A draconian shifter (D)
  Nessos (D)
  A fire dragon (D)
  A hydra (D)
  3 yaktaurs (D)
  6 hellions (D)
  A queen bee (D)
  A killer bee (D)
  5 ball lightnings (D)
  3 ballistomycete spores (D)
  A bush (D)
  21 plants (D)
  3 tentacles (D)
50 creatures vanquished.

Grand Total: 552 creatures vanquished

Notes
Turn   | Place    | Note
-------+----------+-------------------------------------------
     0 | D        | Kidiri the Draconian Transmuter began the quest for the Orb.
     0 | D        | Reached XP level 1. HP: 16/16 MP: 3/3
    11 | D        | Reached skill level 2 in Fighting
    35 | D        | Killed a yaktaur
    87 | D        | Noticed Jessica
    93 | D        | Killed a hellion
    93 | D        | Killed a hellion
   103 | D        | Killed Jessica
   103 | D        | Reached skill level 3 in Fighting
   103 | D        | Reached skill level 1 in Stealth
   103 | D        | Reached XP level 2. HP: 25/26 MP: 3/5
   103 | D        | Reached XP level 3. HP: 30/31 MP: 4/7
   107 | D        | Learned a level 2 spell: Sticks to Snakes
   110 | D        | Killed a hellion
   111 | D        | Learned a level 3 spell: Spider Form
   111 | D        | Killed a hellion
   112 | D        | Killed a hellion
   178 | D        | Killed a white draconian scorcher
   187 | D        | Killed a white draconian scorcher
   198 | D        | Noticed a scorpion
   207 | D        | Killed a scorpion
   207 | D        | Reached skill level 4 in Fighting
   207 | D        | Reached skill level 1 in Poison Magic
   207 | D        | Reached XP level 4. HP: 40/40 MP: 1/8
   216 | D        | Killed a hellion
   222 | D        | Gained mutation: You are robust. (+10% HP) [potion of mutation]
   222 | D        | Gained mutation: Scrolls take you a little longer to read. [potion of mutation]
   222 | D        | Gained mutation: You have a pair of small antennae on your head. [potion of mutation]
   222 | D        | Gained mutation: Your tail ends in a poisonous barb. [potion of mutation]
   223 | D        | Lost mutation: You have a pair of small antennae on your head. [potion of mutation]
   223 | D        | Lost mutation: Your tail ends in a poisonous barb. [potion of mutation]
   223 | D        | Gained mutation: Your body sometimes deteriorates upon taking damage. [potion of mutation]
   223 | D        | Gained mutation: Your tail ends in a poisonous barb. [potion of mutation]
   223 | D        | Gained mutation: You are agile. (Dex +2) [potion of mutation]
   223 | D        | Gained mutation: You have large cloven feet. [potion of mutation]
   224 | D        | Lost mutation: You are robust. (+10% HP) [potion of mutation]
   224 | D        | Lost mutation: Your tail ends in a poisonous barb. [potion of mutation]
   224 | D        | Gained mutation: You tend to lose your temper in combat. [potion of mutation]
   224 | D        | Gained mutation: Potions are less effective at restoring your health. [potion of mutation]
   224 | D        | Gained mutation: Your spells are a little harder to cast, but a little more powerful. [potion of mutation]
   225 | D        | Lost mutation: Scrolls take you a little longer to read. [potion of mutation]
   225 | D        | Lost mutation: You tend to lose your temper in combat. [potion of mutation]
   225 | D        | Lost mutation: Your spells are a little harder to cast, but a little more powerful. [potion of mutation]
   225 | D        | Gained mutation: Your muscles are strong. (Str +2) [potion of mutation]
   391 | D        | Reached skill level 5 in Unarmed Combat
   481 | D        | Noticed a water elemental
   487 | D        | Killed a water elemental
   487 | D        | Reached skill level 5 in Fighting
   487 | D        | Reached skill level 5 in Transmutations
   487 | D        | Reached XP level 5. HP: 48/48 MP: 1/10
   500 | D        | Found an ornate altar of the Wu Jian Council.
   500 | D        | Found a roughly hewn altar of Beogh.
   500 | D        | Found an iron altar of Okawaru.
   500 | D        | Found a bloodstained altar of Trog.
   500 | D        | Found a hide-covered altar of Uskayaw.
   500 | D        | Noticed a human
   500 | D        | Noticed a human
   509 | D        | Killed a human
   509 | D        | Reached skill level 6 in Fighting
   509 | D        | Reached XP level 6. HP: 56/57 MP: 1/12
   514 | D        | Killed a human
   514 | D        | Reached skill level 7 in Fighting
   526 | D        | Became a worshipper of the Wu Jian Council
   599 | D        | Learned a level 4 spell: Ice Form
   607 | D        | Found a radiant altar of Vehumet.
   608 | D        | Found a deep blue altar of Sif Muna.
   608 | D        | Found an ancient bone altar of Kikubaaqudgha.
   608 | D        | Paralysed by a wizard for 3 turns
   620 | D        | Noticed a neqoxec
   624 | D        | Noticed a chaos spawn
   810 | D        | Found a glowing silver altar of Zin.
   811 | D        | Found a glowing golden altar of the Shining One.
   811 | D        | Found a white marble altar of Elyvilon.
   811 | D        | Noticed a deep elf mage
   816 | D        | Killed a deep elf mage
   816 | D        | Reached * piety under Wu Jian
   816 | D        | Reached skill level 8 in Fighting
   816 | D        | Reached skill level 5 in Dodging
   816 | D        | Reached skill level 5 in Stealth
   816 | D        | Reached skill level 5 in Spellcasting
   816 | D        | Your scales start taking on a lurid green colour.
   816 | D        | Reached skill level 5 in Poison Magic
   816 | D        | Reached XP level 7. HP: 36/68 MP: 9/14
   816 | D        | Gained mutation: Your system is resistant to poisons. (rPois) [Green Draconian growth]
   969 | D        | Learned a level 5 spell: Blade Hands
  1035 | D        | Found a basalt altar of Yredelemnul.
  1035 | D        | Found a shadowy altar of Dithmenos.
  1035 | D        | Found a sacrificial altar of Ru.
  1061 | D        | Noticed a shadow
  1065 | D        | Killed a shadow
  1065 | D        | Reached ** piety under Wu Jian
  1065 | D        | Reached XP level 8. HP: 75/75 MP: 14/16
  1078 | D        | Found a blossoming altar of Fedhas.
  1078 | D        | Found a stormy altar of Qazlal.
  1078 | D        | Found a snail-covered altar of Cheibriados.
  1078 | D        | Found a burning altar of Makhleb.
  1078 | D        | Found a shimmering altar of Xom.
  1079 | D        | Found a hazy altar of Hepliaklqana.
  1079 | D        | Found an opulent altar of Gozag.
  1079 | D        | Found a sparkling altar of Nemelex Xobeh.
  1079 | D        | Found a corrupted altar of Lugonu.
  1079 | D        | Found a viscous altar of Jiyva.
  1158 | D        | Noticed Josephine
  1163 | D        | Killed Josephine
  1163 | D        | Reached skill level 9 in Fighting
  1163 | D        | Reached XP level 9. HP: 35/85 MP: 12/18
  1381 | D        | Reached *** piety under Wu Jian
  1494 | D        | Noticed a centaur warrior
  1498 | D        | Reached skill level 10 in Fighting
  1499 | D        | Killed a centaur warrior
  1499 | D        | Reached skill level 10 in Unarmed Combat
  1501 | D        | Reached skill level 10 in Transmutations
  1501 | D        | Reached skill level 5 in Ice Magic
  1664 | D        | Killed an unseen horror
  1664 | D        | Reached **** piety under Wu Jian
  1893 | D        | Noticed a queen bee
  1902 | D        | Reached ***** piety under Wu Jian
  1902 | D        | Reached skill level 11 in Fighting
  1907 | D        | Reached ****** piety under Wu Jian
  1907 | D        | Reached XP level 10. HP: 64/95 MP: 16/20
  2263 | D        | Noticed a spiny frog
  2263 | D        | Noticed a spiny frog
  2265 | D        | Killed a spiny frog
  2265 | D        | Killed a spiny frog
  2301 | D        | Reached skill level 12 in Fighting
  2311 | D        | Noticed a lindwurm
  2316 | D        | Killed a lindwurm
  2422 | D        | Noticed Urug
  2427 | D        | Killed Urug
  2667 | D        | Reached XP level 11. HP: 105/105 MP: 16/23
  2802 | D        | Noticed Rupert
  2805 | D        | Killed Rupert
  2805 | D        | Reached skill level 13 in Fighting
  2805 | D        | Reached skill level 10 in Poison Magic
  2815 | D        | Noticed an azure jelly
  2815 | D        | Noticed an azure jelly
  2815 | D        | Noticed an azure jelly
  2815 | D        | Noticed an azure jelly
  2834 | D        | Noticed a death yak
  2835 | D        | Noticed a death yak
  2841 | D        | Noticed a death yak
  2846 | D        | Killed a death yak
  2847 | D        | Noticed a death yak
  2850 | D        | Killed a death yak
  2852 | D        | Killed a death yak
  2856 | D        | Killed a death yak
  3120 | D        | Reached skill level 14 in Fighting
  3166 | D        | Killed a four-headed hydra
  3191 | D        | Noticed a fire dragon
  3258 | D        | Killed a fire dragon
  3265 | D        | Noticed a fire dragon
  3550 | D        | Noticed a dire elephant
  3550 | D        | Noticed a dire elephant
  3550 | D        | Noticed Gastronok
  3551 | D        | Killed a dire elephant
  3551 | D        | Reached XP level 12. HP: 118/118 MP: 19/25
  3553 | D        | Killed a dire elephant
  3555 | D        | Killed Gastronok
  3555 | D        | Reached skill level 10 in Stealth
  3757 | D        | Noticed a seven-headed hydra
  3757 | D        | Noticed a six-headed hydra
  3761 | D        | Killed an eight-headed hydra
  3762 | D        | Killed an eight-headed hydra
  3762 | D        | Reached skill level 15 in Fighting
  3873 | D        | Found a blossoming altar of Fedhas.
  3971 | D        | Got a fine platinum ring
  3977 | D        | Identified the ring "Sinept" {rC+ AC+2} (You found it in the Dungeon)
  4102 | D        | Killed a fire dragon
  4137 | D        | Noticed a ghost moth
  4137 | D        | HP: 7/145 [ghost moth[a spriggan druid] (6)]
  4138 | D        | Killed a ghost moth
  4138 | D        | Reached skill level 10 in Spellcasting
  4268 | D        | Gained mutation: Your flesh is cold resistant. (rC+) [mutagenic meat]
  4269 | D        | Lost mutation: Potions are less effective at restoring your health. [mutagenic meat]
  4270 | D        | Gained mutation: Your skin changes colour to match your surroundings (Stealth+). [mutagenic meat]
  4271 | D        | Lost mutation: Your muscles are strong. (Str +2) [mutagenic meat]
  4272 | D        | Gained mutation: You occasionally shout uncontrollably at your foes. [mutagenic meat]
  4543 | D        | Noticed an anaconda
  4547 | D        | Killed an anaconda
  4547 | D        | Reached skill level 10 in Dodging
  4563 | D        | Noticed an anaconda
  4568 | D        | Killed an anaconda
  4584 | D        | Noticed a naga warrior
  4584 | D        | Noticed a nagaraja
  4586 | D        | Found Joum Zau's Food Shop.
  4586 | D        | Found Upniecikog's Gadget Shoppe.
  4589 | D        | Found Voriaghi's Antique Weapon Boutique.
  4592 | D        | Killed a naga warrior
  4592 | D        | Reached skill level 15 in Unarmed Combat
  4592 | D        | Reached XP level 13. HP: 101/128 MP: 27/27
  4592 | D        | Killed a nagaraja
  4592 | D        | Reached skill level 16 in Fighting
  4592 | D        | Reached skill level 10 in Ice Magic
  4618 | D        | Reached skill level 15 in Transmutations
  4622 | D        | Gained mutation: You have a pair of small horns on your head. [mutagenic meat]
  4627 | D        | Got a serpentine rune of Zot
  4784 | D        | Paralysed by an orc sorcerer for 2 turns
  4803 | D        | Found Anegaat's Armour Emporium.
  4983 | D        | Reached skill level 1 in Shields
  4983 | D        | Reached skill level 1 in Evocations
  4995 | D        | Noticed a deep elf demonologist
  4996 | D        | Noticed a deep elf annihilator
  5267 | D        | Noticed a fire dragon
  5278 | D        | Killed a fire dragon
  5503 | D        | Found Woocouq's Antique Armour Shoppe.
  5503 | D        | Found Wameimorph's Magic Scroll Boutique.
  5522 | D        | Killed a fire dragon
  5643 | D        | Found Diphes's Jewellery Emporium.
  5655 | D        | Bought a scroll of fog for 22 gold pieces
  5655 | D        | Bought 2 scrolls of identify for 44 gold pieces
  5655 | D        | Bought a scroll of identify for 22 gold pieces
  5655 | D        | Bought a scroll of identify for 22 gold pieces
  5655 | D        | Bought a scroll of amnesia for 38 gold pieces
  5655 | D        | Bought 3 scrolls of enchant armour for 247 gold pieces
  5655 | D        | Bought a scroll of blinking for 82 gold pieces
  5655 | D        | Bought a scroll of identify for 22 gold pieces
  5656 | D        | Bought the ring of Efiagh {Fire *Slow rPois Str+5} for 452 gold pieces
  5769 | D        | Noticed Xtahua
  5774 | D        | Killed Xtahua
  5778 | D        | Got a decaying rune of Zot
  5797 | D        | Bought a shiny buckler for 112 gold pieces
  5976 | D        | Noticed a deep elf annihilator
  5976 | D        | Noticed a deep elf annihilator
  6160 | D        | Reached skill level 17 in Fighting
  6161 | D        | Noticed a green death
  6162 | D        | Noticed a deep elf blademaster
  6162 | D        | Killed a deep elf annihilator
  6162 | D        | Killed a deep elf demonologist
  6165 | D        | Killed a deep elf annihilator
  6169 | D        | Killed a deep elf annihilator
  6195 | D        | Killed Nessos
  6554 | D        | Killed a deep elf blademaster
  6554 | D        | Gained mutation: Your tail ends in a poisonous barb. [Green Draconian growth]
  6554 | D        | Reached XP level 14. HP: 140/140 MP: 23/29
  6554 | D        | Got a translucent garnet amulet
  6556 | D        | Got a faintly glowing platinum amulet
  6618 | D        | Identified the Compendium of Confrontation
  6620 | D        | Identified the Grimoire of Cankerous Enhancements
  6649 | D        | Identified the amulet "Neklerig" {RegenMP Str+7} (You took it off a deep elf blademaster in the Dungeon)
  6653 | D        | Identified the amulet "Wylat" {*Corrode Regen+ Str-2 Dex+10 Stlth+} (You took it off a deep elf high priest in the Dungeon)
  6730 | D        | Learned a level 3 spell: Mephitic Cloud
  6751 | D        | Learned a level 2 spell: Blink
  6818 | D        | Noticed Sigmund
  6818 | D        | Noticed Edmund
  6822 | D        | Killed Sigmund
  6822 | D        | Reached skill level 1 in Conjurations
  6824 | D        | Killed Edmund
  6845 | D        | Reached skill level 5 in Evocations
  6939 | D        | Reached skill level 5 in Shields
  6953 | D        | Found Hafischei's Gadget Emporium.
  6953 | D        | Found Ufaest's Food Shop.
  6953 | D        | Found Xota's Assorted Antiques.
  6953 | D        | Found Ole Lopn's Magic Scroll Shoppe.
  6953 | D        | Found Ytelem's Book Boutique.
  6953 | D        | Found Juehipse's Antique Weapon Emporium.
  6953 | D        | Found Gotapraje's Distillery.
  6953 | D        | Found Xekli's Magic Scroll Shop.
  6953 | D        | Found Zekul's Jewellery Shop.
  6953 | D        | Found Uteowny's Book Emporium.
  6953 | D        | Found Cudin's Antique Armour Emporium.
  6953 | D        | Found Ruffirch's Jewellery Boutique.
  7315 | D        | Reached skill level 18 in Fighting
  7344 | D        | Got a crude quick blade
  7537 | D        | HP: 7/143 [yaktaur captain/bolt (27)]
  7788 | D        | Noticed Chuck
  7801 | D        | Gained mutation: You have a beak for a mouth. [mutagenic meat]
  7803 | D        | Gained mutation: You are very agile. (Dex +4) [mutagenic meat]
  7910 | D        | Noticed Frederick
  7920 | D        | Killed Frederick
  7943 | D        | Noticed a lich
  7947 | D        | Killed a lich
  8029 | D        | Noticed a shadow dragon
  8034 | D        | Noticed a shadow dragon
  8035 | D        | Killed a shadow dragon
  8035 | D        | Reached skill level 5 in Conjurations
  8042 | D        | Killed a shadow dragon
  8116 | D        | Gained mutation: You have supernaturally acute eyesight. (SInv) [mutagenic meat]
  8335 | D        | Reached skill level 15 in Poison Magic
  8335 | D        | Reached skill level 19 in Fighting
  8343 | D        | Noticed an ancient lich
  8475 | D        | Noticed a sphinx
  8475 | D        | Noticed a sphinx
  8476 | D        | Reached XP level 15. HP: 152/152 MP: 25/31
  8479 | D        | Killed a sphinx
  8481 | D        | Killed a sphinx
  9203 | D        | Killed an azure jelly
  9205 | D        | Killed an azure jelly
  9209 | D        | Killed an azure jelly
  9209 | D        | Killed an azure jelly
  9447 | D        | Noticed a shadow dragon
  9448 | D        | Noticed a shadow dragon
  9448 | D        | Noticed a fire giant
  9448 | D        | Noticed a frost giant
  9448 | D        | Noticed a fire giant
  9448 | D        | Noticed a fire giant
  9448 | D        | Noticed a frost giant
  9454 | D        | Killed a frost giant
  9454 | D        | Reached skill level 20 in Fighting
  9456 | D        | Killed a fire giant
  9458 | D        | Killed a shadow dragon
  9463 | D        | Killed a shadow dragon
  9647 | D        | Killed a fire giant
  9730 | D        | Killed a frost giant
  9736 | D        | Killed a fire giant
  9736 | D        | Reached skill level 10 in Evocations
  9736 | D        | Reached XP level 16. HP: 107/165 MP: 33/33
  9746 | D        | Got a slimy great mace {venom}
  9808 | D        | Got a pair of ichor-stained boots
  9814 | D        | Identified the +0 pair of boots of the Invisible Hand {rC- Dex+3} (You acquired it in the Dungeon)
  9886 | D        | Got a silver rune of Zot
  9893 | D        | Identified The Last Secrets of Witchcraft
 10029 | D        | Got a vibrating platinum ring
 10094 | D        | Identified a +2 pair of boots of running (You found it in the Dungeon)
 10096 | D        | Identified the ring of the Original Sin {rPois Str+3 Dex+7} (You found it in the Dungeon)
 10364 | D        | Killed Chuck
 10364 | D        | Reached skill level 10 in Shields
 10734 | D        | Noticed Azrael
 10736 | D        | Killed Azrael
 10773 | D        | Got an encrusted hat
 10784 | D        | Identified the +1 hat "Dezxeppo" {*Contam +Blink Str+5} (You acquired it in the Dungeon)
 10914 | D        | Reached skill level 21 in Fighting
 10928 | D        | Noticed Boris
 10938 | D        | Killed Boris
 11017 | D        | Found Poemin's Armour Emporium.
 11017 | D        | Found Fenelav's Food Shop.
 11017 | D        | Found Hotid's Armour Shop.
 11017 | D        | Found Yfujeisewk's Gadget Shoppe.
 11040 | D        | Bought a +1 pair of gloves of strength for 181 gold pieces
 11062 | D        | Found Woihef's Food Boutique.
 11139 | D        | Reached skill level 10 in Conjurations
 11352 | D        | Upgraded the game from 0.21-a0-414-gba8bdf1 to 0.21-a0-417-g0adc95b
 11385 | D        | Bought a book of Geomancy for 455 gold pieces
 11388 | D        | Learned a level 2 spell: Passwall
 11393 | D        | Learned a level 4 spell: Petrify
 11399 | D        | Learned a level 5 spell: Lee's Rapid Deconstruction
 11457 | D        | Noticed a storm dragon
 11459 | D        | Noticed Nikola
 11460 | D        | Killed a storm dragon
 11460 | D        | Reached skill level 15 in Stealth
 11462 | D        | Killed Nikola
 11462 | D        | Reached skill level 1 in Earth Magic
 11585 | D        | Noticed Roxanne
 11592 | D        | Killed Roxanne
 11594 | D        | Identified Roxanne's Grimoire of the Mountains (You took it off Roxanne in the Dungeon)
 11603 | D        | Learned a level 6 spell: Statue Form
 12153 | D        | Noticed a greater mummy
 12153 | D        | Noticed a greater mummy
 12162 | D        | Reached skill level 22 in Fighting
 12594 | D        | Killed a greater mummy
 12594 | D        | Reached skill level 15 in Ice Magic
 12616 | D        | Killed a greater mummy
 12616 | D        | Reached skill level 5 in Earth Magic
 12621 | D        | Got a smoking executioner's axe
 12623 | D        | Got a golden rune of Zot
 12624 | D        | Identified the Grimoire of Black Rites and Ice
 12631 | D        | Got a steaming whip
 12643 | D        | Got a jewelled long sword
 12946 | D        | Got a pair of pitted boots
 12957 | D        | Identified the +0 pair of boots "Hokhagy" {rC- Str+4 Int+4 Stlth+} (You acquired it in the Dungeon)
 12964 | D        | Got a pair of scorched gloves
 12975 | D        | Identified the +0 pair of gloves "Wosukkam" {rPois} (You acquired it in the Dungeon)
 12986 | D        | Got a bound amber ring
 12988 | D        | Identified the ring of Atheism {Wiz Dex+3} (You acquired it in the Dungeon)
 13068 | D        | Noticed Mara
 13076 | D        | Killed Mara
 13076 | D        | Reached XP level 17. HP: 178/178 MP: 31/35
 13240 | D        | Killed an ancient lich
 13240 | D        | Reached skill level 15 in Spellcasting
 13403 | D        | Noticed Mennas
 13409 | D        | Killed Mennas
 13409 | D        | Reached skill level 23 in Fighting
 13409 | D        | Reached skill level 15 in Dodging
 13777 | D        | Learned a level 6 spell: Iron Shot
 13797 | D        | Gained mutation: You tend to lose your temper in combat. [a shining eye]
 13798 | D        | Paralysed by a floating eye for 3 turns
 14005 | D        | Noticed a deep elf blademaster
 14039 | D        | Noticed a deep elf blademaster
 14042 | D        | Killed a deep elf blademaster
 14043 | D        | Killed a deep elf blademaster
 14145 | D        | Noticed a Killer Klown
 14151 | D        | Killed a Killer Klown
 14167 | D        | Noticed an Orb Guardian
 14167 | D        | Noticed an Orb Guardian
 14173 | D        | Killed an Orb Guardian
 14173 | D        | Killed an Orb Guardian
 14195 | D        | Noticed an ancient lich
 14199 | D        | Killed an ancient lich
 14199 | D        | Reached skill level 24 in Fighting
 14403 | D        | Noticed Geryon
 14409 | D        | Killed Geryon
 14409 | D        | Reached XP level 18. HP: 192/192 MP: 34/37
 14655 | D        | Noticed an iron giant
 14657 | D        | Killed an iron giant
 14745 | D        | Noticed a Hell Sentinel
 14747 | D        | Reached skill level 10 in Earth Magic
 14748 | D        | Killed a Hell Sentinel
 14752 | D        | Got a faintly glowing hat
 14752 | D        | Got a warped scarf
 14860 | D        | Bought a potion of resistance for 100 gold pieces
 14860 | D        | Bought a potion of curing for 30 gold pieces
 14860 | D        | Bought a potion of curing for 30 gold pieces
 14860 | D        | Bought a potion of heal wounds for 50 gold pieces
 14861 | D        | Bought a scroll labeled ELACHE GEDEAQA for 25 gold pieces
 14861 | D        | Bought a potion of heal wounds for 125 gold pieces
 14861 | D        | Bought a potion of heal wounds for 125 gold pieces
 14861 | D        | Bought an encrusted iron wand for 100 gold pieces
 14861 | D        | Bought a white potion for 22 gold pieces
 14861 | D        | Bought a potion of heal wounds for 125 gold pieces
 14861 | D        | Bought a scroll labeled DUVVOACIZI for 25 gold pieces
 14861 | D        | Bought a potion of magic for 200 gold pieces
 14864 | D        | Identified the -4 hat of Elyvilon {Str+5} (You found it in the Dungeon)
 14865 | D        | Identified the scarf of Indomitability {rPois} (You found it in the Dungeon)
 15012 | D        | Noticed a Hell Sentinel
 15012 | D        | Noticed Dispater
 15013 | D        | Noticed a Hell Sentinel
 15015 | D        | Killed a Hell Sentinel
 15015 | D        | Killed a Hell Sentinel
 15018 | D        | Killed Dispater
 15018 | D        | Reached skill level 25 in Fighting
 15027 | D        | Got a slimy leather armour
 15031 | D        | Got an iron rune of Zot
 15157 | D        | Noticed a greater mummy
 15161 | D        | Killed a greater mummy
 15172 | D        | Noticed Gloorx Vloq
 15174 | D        | Killed Gloorx Vloq
 15174 | D        | Reached skill level 15 in Shields
 15174 | D        | Reached skill level 15 in Evocations
 15198 | D        | Noticed a greater mummy
 15201 | D        | Noticed an Orb Guardian
 15201 | D        | Noticed an Orb Guardian
 15201 | D        | Killed a greater mummy
 15203 | D        | Noticed an Orb Guardian
 15205 | D        | Noticed an Orb Guardian
 15205 | D        | Noticed an Orb Guardian
 15211 | D        | Noticed an Orb Guardian
 15211 | D        | Noticed an Orb Guardian
 15213 | D        | Noticed an Orb Guardian
 15536 | D        | Noticed Ereshkigal
 15539 | D        | Noticed a greater mummy
 15542 | D        | Killed a greater mummy
 15543 | D        | Killed Ereshkigal
 15543 | D        | Reached skill level 26 in Fighting
 15543 | D        | Reached skill level 15 in Conjurations
 15543 | D        | Reached XP level 19. HP: 204/204 MP: 7/40
 15552 | D        | Noticed a greater mummy
 15555 | D        | Killed a greater mummy
 15567 | D        | Got a bone rune of Zot
 15760 | D        | Got a warped chain mail
 16083 | D        | Noticed Antaeus
 16090 | D        | Killed Antaeus
 16090 | D        | Reached skill level 27 in Fighting
 16096 | D        | Got an icy rune of Zot
 16758 | D        | Noticed the Serpent of Hell
 16759 | D        | Noticed a Brimstone Fiend
 16774 | D        | Killed a Brimstone Fiend
 16780 | D        | Killed the Serpent of Hell
 16946 | D        | Got an obsidian rune of Zot
 17048 | D        | Got a brightly glowing war axe
 17249 | D        | Noticed Tiamat
 17267 | D        | Killed Tiamat
 18125 | D        | Found a viscous altar of Jiyva.
 18125 | D        | Noticed the Royal Jelly
 18151 | D        | HP: 6/207 [acid (9)]
 18152 | D        | Splashed by an acid blob's acid

Vault maps used:
D:        dungeon_sprint_mu

Skill      XL: |  1  2  3  4  5  6  7  8  9 10 11 12 13 14 15 16 17 18 19 |
---------------+----------------------------------------------------------+-----
Fighting       | 3 4 5 6 8 9 11 12 14 15 17 19 20 22 24 26 27 | 27.0
Dodging        | 2 3 4 5 6 7 9 10 11 12 13 14 15 17 18 | 18.2
Stealth        | 1 2 3 5 6 7 8 9 10 12 13 14 15 17 18 19 | 19.5
Unarmed Combat | 4 5 6 8 9 10 12 13 15 16 17 19 21 22 24 26 | 26.1
Transmutations | 3 4 5 6 7 8 9 10 11 13 14 16 17 19 21 22 24 26 | 26.1
Spellcasting   | 3 4 5 6 8 9 10 11 12 13 14 15 17 18 | 18.3
Poison Magic   | 1 2 3 5 6 7 8 9 11 12 13 15 16 18 19 21 22 | 22.3
Ice Magic      | 2 3 4 5 7 8 9 11 12 13 15 16 18 19 | 19.2
Shields        | 4 7 9 12 13 15 17 | 17.1
Evocations     | 4 7 10 12 13 15 17 | 17.2
Conjurations   | 5 8 11 13 15 16 | 16.7
Earth Magic    | 5 9 12 14 | 14.2

Action                   |  1- 3 |  4- 6 |  7- 9 | 10-12 | 13-15 | 16-18 | 19-21 || total
-------------------------+-------+-------+-------+-------+-------+-------+-------++-------
Melee: Unarmed           |    17 |    39 |    64 |   214 |   370 |   435 |    97 ||  1236
       Tailslap          |     2 |       |     3 |    23 |    86 |    83 |    19 ||   216
       Kick              |     1 |       |    11 |    54 |   156 |    94 |    16 ||   332
       Headbutt          |     1 |       |       |       |    96 |   107 |    28 ||   232
       Punch             |       |       |     3 |     9 |    41 |    21 |     3 ||    77
       Peck              |       |       |       |       |    33 |   115 |    30 ||   178
Throw: Javelin           |       |       |       |     3 |     6 |     1 |       ||    10
       Tomahawk          |       |       |       |       |     2 |       |       ||     2
 Cast: Beastly Appendage |     2 |       |       |       |       |       |       ||     2
       Spider Form       |     1 |     6 |     1 |       |       |       |       ||     8
       Sticks to Snakes  |       |     2 |       |       |       |       |       ||     2
       Ice Form          |       |       |     1 |     4 |       |     2 |     6 ||    13
       Blade Hands       |       |       |     6 |    16 |    34 |    13 |     3 ||    72
       Mephitic Cloud    |       |       |       |       |     1 |       |       ||     1
       Statue Form       |       |       |       |       |       |    17 |     2 ||    19
       Passwall          |       |       |       |       |       |     2 |       ||     2
       Lee's Rapid Decon |       |       |       |       |       |     2 |     5 ||     7
       Blink             |       |       |       |       |       |       |     1 ||     1
Invok: Serpent's Lash    |       |       |       |     5 |     9 |     8 |     2 ||    24
       Heavenly Storm    |       |       |       |     5 |    13 |    11 |     3 ||    32
 Abil: Breathe Noxious F |       |       |     2 |     4 |     4 |       |       ||    10
       End Transformatio |       |       |       |     1 |       |     1 |     1 ||     3
       Evoke Flight      |       |       |       |       |       |     5 |     1 ||     6
       Stop Flying       |       |       |       |       |       |     1 |       ||     1
       Evoke Blink       |       |       |       |       |       |     1 |    11 ||    12
Evoke: Wand              |       |       |       |       |       |       |     4 ||     4
       Fan of gales      |       |       |       |       |       |       |     1 ||     1
  Use: Potion            |     1 |     4 |       |     3 |     3 |     6 |     4 ||    21
       Scroll            |       |       |     3 |       |     9 |    22 |     1 ||    35
 Stab: Sleeping          |     1 |       |     5 |    16 |    11 |    17 |     7 ||    57
       Confused          |       |       |       |     2 |     4 |       |       ||     6
       Distracted        |       |       |       |       |     1 |     2 |     1 ||     4
       Held in net/web   |       |       |       |       |       |     1 |       ||     1
  Eat: Chunk             |       |     1 |     5 |    10 |    20 |     6 |     2 ||    44
       Fruit             |       |       |       |     9 |     2 |       |       ||    11
       Bread ration      |       |       |       |     1 |     1 |     2 |       ||     4
       Royal jelly       |       |       |       |     1 |     2 |     1 |     3 ||     7
       Meat ration       |       |       |       |       |       |     3 |       ||     3
Armor: Skin              |     2 |     3 |    20 |    39 |    38 |    36 |     7 ||   145
Dodge: Dodged            |     8 |    60 |    49 |   111 |   131 |   147 |    52 ||   558
Block: Large shield      |       |       |       |       |       |   179 |    27 ||   206
       Reflection        |       |       |       |       |       |    16 |     2 ||    18

Table legend:
 A = Spawn XP
 B = Non-spawn XP
 C = Spawn XP percentage of total XP
 D = Spawn monster count
 E = Non-spawn monster count
 F = Spawn count percentage of total count
 G = Total turns spent on level
                    A         B        C        D         E        F      G
               +---------+---------+-------+---------+---------+-------+---------
         Total |       0 |  452857 |   0.0 |       0 |     431 |   0.0 | 18152
               +---------+---------+-------+---------+---------+-------+---------
             D |       0 |  452857 |   0.0 |       0 |     431 |   0.0 | 18152
               +---------+---------+-------+---------+---------+-------+---------
